 Dungeon Crawl Stone Soup version 0.21-a0-267-ga5fc350 (webtiles) character file.

278 JackS81 the Conjurer (level 6, -3/41 HPs)
             Began as a Demonspawn Wizard on Sept 13, 2017.
             Slain by a quokka (4 damage)
             ... on level 7 of the Dungeon on Sept 15, 2017.
             The game lasted 00:26:16 (3560 turns).

JackS81 the Conjurer (Demonspawn Wizard)            Turns: 3560, Time: 00:26:17

Health: -3/41      AC:  2    Str:  7    XL:     6   Next: 5%
Magic:  4/11       EV: 12    Int: 22    God:
Gold:   189        SH:  0    Dex: 11    Spells: 3/12 levels left

rFire    . . .     SeeInvis .   f - +1 whip
rCold    . . .     Gourm    .   (no shield)
rNeg     . . .     Faith    .   a - +0 robe
rPois    .         Spirit   .   b - +0 hat
rElec    .         Reflect  .   (no cloak)
rCorr    .         Harm     .   (no gloves)
MR       .....     Rnd*Tele +   (no boots)
Stlth    ++........             (no amulet)
HPRegen  0.13/turn              r - ring of teleportation (curse)
MPRegen  0.12/turn              (no ring)

@: flying
A: talons 1, powered by death 1, sturdy frame 1
a: no special abilities


You were on level 7 of the Dungeon.
You were hungry.

You visited 1 branch of the dungeon, and saw 5 of its levels.

You collected 189 gold pieces.

Inventory:

Hand Weapons
 e - a +0 short sword
 f - a +1 whip (weapon)
 m - a +1 dagger of freezing
Missiles
 n - 2 javelins
 p - 8 silver javelins (quivered)
Armour
 a - a +0 robe (worn)
 b - a +0 hat (worn)
Jewellery
 r - a cursed ring of teleportation (left hand)
Wands
 g - a wand of lightning (4/15)
 t - a wand of random effects (23/48)
Scrolls
 l - 2 scrolls of identify
Books
 c - a book of Minor Magic

   Spells                             Type                      Level
   a - Magic Dart                     Conjuration                  1
   b - Blink                          Translocation                2
   c - Call Imp                       Summoning                    2
   d - Slow                           Hexes                        2
   e - Conjure Flame                  Conjuration/Fire             3
   f - Mephitic Cloud                 Conjuration/Poison/Air       3
 h - the Disquisition on Frigorific Talismans
   (You found it on level 7 of the Dungeon)

   Spells                             Type                      Level
   a - Ensorcelled Hibernation        Hexes/Ice                    2
   b - Throw Icicle                   Conjuration/Ice              4
   c - Freezing Cloud                 Conjuration/Ice/Air          6
   d - Ring of Flames                 Charms/Fire                  7
 q - a book of Conjurations

   Spells                             Type                      Level
   a - Magic Dart                     Conjuration                  1
   b - Searing Ray                    Conjuration                  2
   c - Dazzling Spray                 Conjuration/Hexes            3
   d - Fulminant Prism                Conjuration/Hexes            4
   e - Force Lance                    Conjuration/Translocation    4
   f - Iskenderun's Mystic Blast      Conjuration                  4
Comestibles
 d - 2 bread rations
 i - 7 fruits
 s - a meat ration


   Skills:
 - Level 0.5 Short Blades
 - Level 1.7 Dodging
 - Level 1.7 Stealth
 + Level 3.7 Spellcasting
 * Level 5.2 Conjurations
   Level 1.0 Summonings
   Level 0.8 Translocations
 * Level 1.0 Air Magic
 + Level 0.2 Evocations


You had 3 spell levels left.
You knew the following spells:

 Your Spells              Type           Power        Failure   Level  Hunger
a - Magic Dart            Conj           ####         1%          1    None
b - Mephitic Cloud        Conj/Pois/Air  ##......     14%         3    ###....
c - Conjure Flame         Conj/Fire      ###.....     12%         3    ###....
d - Searing Ray           Conj           ####..       1%          2    #......


Dungeon Overview and Level Annotations

Branches:
Dungeon (4/15)
 Temple: D:4-7

Altars:


Innate Abilities, Weirdness & Mutations

You have sharp toenails.
You regenerate a little health from kills.
Your movements are slightly less encumbered by armour. (ER -2)


Message History

You hit the quokka.
The quokka is moderately wounded.
The quokka closely misses you.
You are feeling hungry.
You closely miss the quokka.
The quokka is moderately wounded.
The quokka bites you.
* * * LOW HITPOINT WARNING * * *
The quokka bites you but does no damage. x2
You closely miss the quokka.
The quokka is moderately wounded.
The quokka bites you.
* * * LOW HITPOINT WARNING * * *
The quokka bites you but does no damage.
You hit the quokka but do no damage.
The quokka is moderately wounded.
The quokka closely misses you. The quokka bites you.
* * * LOW HITPOINT WARNING * * *
The quokka bites you.
You die...

##+######
#........
#........
#........
#rr......
#@.......
#.........
#.....####
#.....#
#.....#
#....##
#...##
#..##


You could see 2 quokkas.

Vanquished Creatures
  A crimson imp (D:7)
  A jelly (D:7)
  An iguana (D:7)
  Jessica (D:3)
  An orc wizard (D:4)
  2 adders
  2 oozes
  6 worms
  7 dart slugs
  2 leopard geckos (D:2)
  11 orcs
  2 giant cockroaches
  8 goblins
  7 hobgoblins
  4 jackals (D:3)
  A quokka (D:2)
  6 bats
  2 frilled lizards
  8 kobolds
  A quokka skeleton (D:4)
  10 rats
84 creatures vanquished.

Vanquished Creatures (others)
  A ball python (D:3)
1 creature vanquished.

Grand Total: 85 creatures vanquished

Notes
Turn   | Place    | Note
-------+----------+-------------------------------------------
     0 | D:1      | JackS81 the Demonspawn Wizard began the quest for the Orb.
     0 | D:1      | Reached XP level 1. HP: 13/13 MP: 4/4
   132 | D:1      | Reached skill level 2 in Conjurations
   139 | D:1      | Gained mutation: You have sharp toenails. [demonic ancestry]
   139 | D:1      | Reached XP level 2. HP: 19/19 MP: 3/6
   858 | D:2      | Reached skill level 3 in Conjurations
   858 | D:2      | Reached XP level 3. HP: 17/24 MP: 1/7
   913 | D:2      | Learned a level 3 spell: Mephitic Cloud
   917 | D:2      | Learned a level 3 spell: Conjure Flame
  1481 | D:2      | Reached XP level 4. HP: 30/30 MP: 0/8
  1976 | D:3      | Reached skill level 4 in Conjurations
  2133 | D:3      | Learned a level 2 spell: Searing Ray
  2898 | D:3      | Noticed Jessica
  2901 | D:3      | Killed Jessica
  2901 | D:3      | Gained mutation: Your movements are slightly less encumbered by armour. (ER -2) [demonic ancestry]
  2901 | D:3      | Reached XP level 5. HP: 19/35 MP: 6/10
  3380 | D:4      | You fall through a shaft for 3 floors!
  3385 | D:7      | Reached skill level 5 in Conjurations
  3454 | D:7      | Identified the Disquisition on Frigorific Talismans
  3456 | D:7      | Noticed an ogre
  3536 | D:7      | Reached skill level 1 in Air Magic
  3547 | D:7      | Gained mutation: You regenerate a little health from kills. [demonic ancestry]
  3547 | D:7      | Reached XP level 6. HP: 28/41 MP: 2/11
  3560 | D:7      | HP: 1/41 [quokka (2)]
  3560 | D:7      | Slain by a quokka

Vault maps used:
D:1:      noname_arrival_rooms_in_the_neighbourhood, corexii_corridor_pit,
          st_stairs_9
D:2:      kennysheep_pointless_box
D:3:      uniq_jessica
D:4:      uniq_blork_the_orc
D:7:      gammafunk_temple_overflow_forgotten, lemuel_round_altar,
          grunt_decor_mini_mirrors

Skill      XL: |  1  2  3  4  5 |
---------------+----------------+-----
Conjurations   | 2 3 4 5 |  5.2
Air Magic      | 1 |  1.0
Short Blades   | |  0.5
Dodging        | |  1.7
Stealth        | |  1.7
Spellcasting   | |  3.7
Summonings     | |  1.0
Translocations | |  0.8
Evocations     | |  0.2

Action                   |  1- 3 |  4- 6 || total
-------------------------+-------+-------++-------
Melee: Short sword       |     1 |       ||     1
       Whip              |    32 |    42 ||    74
       Kick              |     2 |     5 ||     7
Throw: Javelin           |     3 |     3 ||     6
 Cast: Magic Dart        |    81 |    82 ||   163
       Searing Ray       |       |     6 ||     6
       Mephitic Cloud    |       |     1 ||     1
Evoke: Wand              |       |     3 ||     3
  Use: Scroll            |     4 |     5 ||     9
       Potion            |     1 |     5 ||     6
 Stab: Invisible         |       |     1 ||     1
       Sleeping          |       |     1 ||     1
  Eat: Chunk             |     2 |     6 ||     8
Armor: Robe              |     1 |    14 ||    15
       Skin              |     8 |       ||     8
Dodge: Dodged            |    19 |    60 ||    79

Table legend:
 A = Spawn XP
 B = Non-spawn XP
 C = Spawn XP percentage of total XP
 D = Spawn monster count
 E = Non-spawn monster count
 F = Spawn count percentage of total count
 G = Total turns spent on level
                    A         B        C        D         E        F      G
               +---------+---------+-------+---------+---------+-------+---------
         Total |       0 |     398 |   0.0 |       0 |      84 |   0.0 |  3560
               +---------+---------+-------+---------+---------+-------+---------
           D:1 |       0 |      40 |   0.0 |       0 |      20 |   0.0 |   854
           D:2 |       0 |      74 |   0.0 |       0 |      25 |   0.0 |  1115
           D:3 |       0 |     109 |   0.0 |       0 |      29 |   0.0 |  1356
           D:4 |       0 |      49 |   0.0 |       0 |       6 |   0.0 |    55
           D:7 |       0 |     126 |   0.0 |       0 |       4 |   0.0 |   180
               +---------+---------+-------+---------+---------+-------+---------
